Map: Automaton LE

Players

puCK (Nina)

  • Race: Protoss Protoss
  • League: Grandmaster
  • Spawn Location: 9:00

Neeb - Winner!

  • Race: Protoss Protoss
  • League: Master
  • Spawn Location: 3:00

Event: 2019 WCS Winter Americas

VOD

Have the link to the VOD?

Description

Time

  • Played on: March 24, 2019, 2:29 p.m.
  • Length: 4:43

All games in this series

Show
View Real Time Build Order
Export as new Build Order

puCK Protoss 

Build Orders: Oracle Opening 

Get SALT Encoding   

  12  0:00  Probe  
  13  0:12  Probe  
  14  0:18  Pylon  
  14  0:24  Probe  
  15  0:32  Probe  
  15  0:38  Gateway  
  15  0:40  Probe  
  16  0:49  Assimilator  
  17  0:51  Probe  
  18  0:57  Assimilator  
  18  0:59  Probe  
  19  1:09  Probe, Gateway  
  20  1:19  Probe  
  21  1:26  Cybernetics Core  
  21  1:31  Probe  
  22  1:41  Pylon  
  22  1:43  Probe  
  23  1:51  Pylon  
  23  2:03  Adept x2  
  23  2:05  Warp Gate  
  27  2:15  Stargate  
  27  2:18  Probe  
  28  2:30  Probe  
  28  2:33  Adept  
  28  2:34  Adept  
  33  2:45  Probe  
  33  2:46  Pylon  
  33  2:49  Oracle  
  34  3:01  Probe  
  38  3:08  Adept  
  38  3:10  Adept  
  40  3:20  Probe  
  39  3:32  Probe  
  39  3:33  Void Ray  
  41  3:53  Stalker  
  35  4:01  Probe  
Show
View Real Time Build Order
Export as new Build Order

Neeb Protoss - Winner!

Build Orders: Oracle Opening 

Get SALT Encoding   

  12  0:00  Probe  
  13  0:12  Probe  
  14  0:18  Pylon  
  14  0:24  Probe  
  15  0:32  Probe  
  15  0:38  Gateway  
  15  0:40  Probe  
  16  0:47  Assimilator  
  17  0:50  Probe  
  17  0:55  Assimilator  
  18  0:58  Probe  
  19  1:07  Probe  
  19  1:08  Gateway  
  20  1:18  Probe  
  21  1:26  Cybernetics Core  
  21  1:30  Probe  
  22  1:37  Pylon  
  22  1:43  Probe  
  24  2:02  Adept x2  
  24  2:08  Stargate, Probe  
  28  2:14  Warp Gate  
  28  2:21  Pylon  
  28  2:22  Probe  
  29  2:39  Stalker x2  
  33  2:47  Oracle  
  36  3:00  Pylon  
  36  3:08  Shield Battery  
  36  3:18  Oracle  
  35  3:29  Gateway  
  38  3:41  Pylon  
  37  4:02  Stalker x2  
  39  4:09  Robotics Facility  
  41  4:12  Shield Battery  
  41  4:21  Pylon  
  41  4:27  Stalker x2  
  44  4:37  Pylon  
Tags
 
Add a new tag
Caveats
  • Supply blocks, unpowered buildings, or Contaminate may cause inaccurate times.
  • Supply counts are checked every 10 seconds.